Jets vs Predators
(R1)
Created - November 13, 2018 at 19:09
Goals
|
| Jets |
0 |
0 |
1 |
1 |
| Predators |
0 |
2 |
1 |
3 |
|
Shots
|
| Jets |
6 |
8 |
13 |
27 |
| Predators |
5 |
13 |
5 |
23 |
|
1st period
No Goal
Penalties :
Alexander Ovechkin (Nas) for Hooking (Minor) at 0:22, Brendan Smith (Win) for Hooking (Minor) at 9:12, Niclas Bergfors (Nas) for Roughing (Minor) at 14:49, Jacob Trouba (Win) for Cross-checking (Minor) at 17:12
2nd period
1. Predators , Ryan Kesler 6 (Niclas Bergfors 5, Alexander Ovechkin 9) at 9:50
2. Predators , Ryan Kesler 7 (Alexander Ovechkin 10, Niclas Bergfors 6) at 16:03 (PP)
Penalties :
Benoit Pouliot (Win) for Slashing (Double Minor) at 0:31, Jonathan Bernier (Win) for Unsportsmanlike conduct (Minor) at 4:42 - Derek Roy served the penalty, Derek Stepan (Win) for Hooking (Minor) at 14:58
3rd period
3. Predators , James Van Riemsdyk 3 (Brendan Gallagher 7, Justin Abdelkader 1) at 7:41
4. Jets , Anton Volchenkov 1 (Fredrik Sjostrom 4, Kevin Hayes 3) at 10:25
Penalties :
Alexander Edler (Nas) for Tripping (Minor) at 1:52, Byron Bitz (Nas) for Holding (Minor) at 2:16, Michal Rozsival (Nas) for Hooking (Minor) at 11:23, Niclas Bergfors (Nas) for Roughing (Minor) at 15:12
Goalie Stats
Jonathan Bernier (Win), 20 saves from 23 shots - (0.870), L, 5-6-0, 60:00 minutes
Viktor Fasth (Nas), 26 saves from 27 shots - (0.963), W, 8-4-1, 60:00 minutes
Players Stats for Jets
Player Name G A P +/- PIM S H SB GA TA FO MP PP MP PK MP
------------------------------------------------------------------------------------
Anton Volchenkov 1 0 1 0 0 2 0 1 0 0 0/0 18:43 0:00 6:25
Benoit Pouliot 0 0 0 -1 4 5 3 0 0 0 0/0 20:06 5:51 0:59
Brendan Smith 0 0 0 -1 2 0 5 3 1 1 0/0 26:39 6:38 3:50
Corey Perry 0 0 0 -1 0 1 0 0 0 0 1/2 18:54 5:51 0:00
Derek Roy 0 0 0 0 0 1 1 1 0 0 3/6 19:18 4:28 3:32
Derek Stepan 0 0 0 -1 2 6 0 1 0 0 12/28 20:56 5:51 2:06
Devin Setoguchi 0 0 0 0 0 1 2 0 0 0 0/0 15:38 4:28 0:00
Eric Gelinas 0 0 0 0 0 1 1 0 0 0 0/0 18:21 3:41 1:24
Erik Haula 0 0 0 -1 0 1 0 0 0 0 0/1 17:49 3:41 5:20
Fredrik Sjostrom 0 1 1 1 0 1 1 0 1 0 0/0 6:43 0:00 0:00
Jacob Trouba 0 0 0 0 2 0 1 0 0 0 0/0 12:50 0:00 4:06
James Wright 0 0 0 1 0 2 0 0 0 0 2/3 7:28 0:00 0:00
Joe Colborne 0 0 0 -1 0 1 0 0 0 0 8/12 12:12 0:00 5:24
Kevin Hayes 0 1 1 1 0 3 2 0 0 0 0/0 10:08 0:00 3:30
Lee Stempniak 0 0 0 -1 0 0 1 0 0 0 0/0 7:38 0:00 0:00
Marco Scandella 0 0 0 -1 0 1 3 2 0 0 0/0 28:38 6:38 5:41
Marcus Johansson 0 0 0 0 0 1 2 0 1 1 1/1 16:58 4:28 1:11
Tomas Kundratek 0 0 0 0 0 0 0 0 0 1 0/0 9:56 0:00 0:36
Players Stats for Predators
Player Name G A P +/- PIM S H SB GA TA FO MP PP MP PK MP
------------------------------------------------------------------------------------
Adam Burish 0 0 0 0 0 1 0 0 1 0 0/0 11:44 1:13 2:44
Alexander Edler 0 0 0 2 2 2 2 2 0 0 0/0 27:38 5:03 4:34
Alexander Ovechkin 0 2 2 0 2 3 1 1 0 0 2/2 21:31 5:59 1:01
Alexander Steen 0 0 0 0 0 0 0 0 0 0 0/0 10:53 4:01 0:00
Andy Miele 0 0 0 0 0 1 1 0 0 0 8/10 15:47 0:39 4:48
Barret Jackman 0 0 0 -1 0 0 0 0 0 1 0/0 9:00 0:07 0:48
Brendan Gallagher 0 1 1 1 0 0 0 1 1 0 0/0 15:51 3:55 0:00
Byron Bitz 0 0 0 0 2 1 0 0 0 0 0/0 9:36 0:00 4:31
Dmitri Kalinin 0 0 0 0 0 0 1 0 0 1 0/0 13:19 0:53 1:23
James Van Riemsdyk 1 0 1 1 0 2 5 0 0 0 1/2 15:30 3:00 0:00
John Moore 0 0 0 0 0 1 1 0 0 0 0/0 22:29 5:16 5:05
Justin Abdelkader 0 1 1 0 0 1 1 0 0 0 1/3 8:12 0:00 2:18
Michal Rozsival 0 0 0 -1 2 1 0 1 0 0 0/0 12:00 0:00 2:56
Mikael Granlund 0 0 0 1 0 1 1 0 0 1 3/9 15:25 2:09 0:53
Niclas Bergfors 0 2 2 0 4 1 0 0 0 0 1/1 20:11 5:59 0:00
Ryan Kesler 2 0 2 0 0 6 0 1 1 0 10/26 23:12 6:08 2:44
Ryan Mcdonagh 0 0 0 1 0 2 2 1 0 0 0/0 26:12 5:32 5:55
Ryan Murray 0 0 0 1 0 0 0 0 0 0 0/0 9:30 5:11 0:00
3 Stars
1 - Ryan Kesler (Nas)
2 - James Van Riemsdyk (Nas)
3 - Viktor Fasth (Nas)
Power Play
Jets - 0 on 6 Attempt(s) - 0.00%
Predators - 1 on 6 Attempt(s) - 16.67%
Penalty Kill
Jets - 5 on 6 Attempt(s) - 83.33%
- Score 0 goal in Penalty Kill
Predators - 6 on 6 Attempt(s) - 100.00%
- Score 0 goal in Penalty Kill
Team Stat
Jets - Hits : 22 - Faceoff Wins : 27 - Blocked Shots : 8 - Penalty Minutes : 12
Predators - Hits : 15 - Faceoff Wins : 26 - Blocked Shots : 7 - Penalty Minutes : 12
Official
Referees : Unknown
Linesman : Unknown
Game Notes
No Game Note
Finance
Level 1 -- Attendance: 5671 (94.52%) -- Ticket Income $499,048
Level 2 -- Attendance: 5000 (100.00%) -- Ticket Income $270,000
Level 3 -- Attendance: 1965 (98.25%) -- Ticket Income $66,810
Level 4 -- Attendance: 3964 (99.10%) -- Ticket Income $103,064
Luxury Box -- Attendance: 725 (72.50%) -- Ticket Income $123,250
Game was played at the Wildcat center.
Total Attendance: 17325 (96.25%)
Total Ticket Income: $1,062,172
Other Income: $159,326
Total Income: $1,221,498
Jets
5 vs 5 Forward
Center Left Wing Right Wing Time % Phy DF OF
1 Derek Stepan Benoit Pouliot Corey Perry 40 1 2 2
2 Derek Roy Marcus Johansson Devin Setoguchi 30 1 2 2
3 Joe Colborne Erik Haula Lee Stempniak 20 1 2 2
4 James Wright Fredrik Sjostrom Kevin Hayes 10 1 2 2
5 vs 5 Defense
Defense Defense Time % Phy DF OF
1 Marco Scandella Brendan Smith 40 2 2 1
2 Eric Gelinas Anton Volchenkov 30 2 2 1
3 Tomas Kundratek Jacob Trouba 20 1 3 1
4 Marco Scandella Jacob Trouba 10 1 2 2
PowerPlay Forward
Center Left Wing Right Wing Time % Phy DF OF
1 Derek Stepan Benoit Pouliot Corey Perry 60 1 1 3
2 Derek Roy Marcus Johansson Devin Setoguchi 40 1 2 2
PowerPlay Defense
Defense Defense Time % Phy DF OF
1 Brendan Smith Marco Scandella 60 1 1 3
2 Erik Haula Eric Gelinas 40 1 1 3
Penalty Kill 4 Players Forward
Center Wing Time % Phy DF OF
1 Joe Colborne Erik Haula 60 1 3 1
2 Derek Roy Kevin Hayes 40 1 3 1
Penalty Kill 4 Players Defense
Defense Defense Time % Phy DF OF
1 Anton Volchenkov Marco Scandella 60 1 3 1
2 Jacob Trouba Brendan Smith 40 1 3 1
Penalty Kill - 3 Players Forward
Forward Time % Phy DF OF
1 Erik Haula 60 1 2 2
2 Joe Colborne 40 1 2 2
Penalty Kill - 3 Players Defense
Defense Defense Time % Phy DF OF
1 Anton Volchenkov Jacob Trouba 60 1 2 2
2 Marco Scandella Brendan Smith 40 1 2 2
4 vs 4 Forward
Center Wing Time % Phy DF OF
1 Derek Stepan Benoit Pouliot 60 1 2 2
2 Derek Roy Devin Setoguchi 40 1 2 2
4 vs 4 Defense
Defense Defense Time % Phy DF OF
1 Brendan Smith Marco Scandella 60 1 2 2
2 Jacob Trouba Eric Gelinas 40 1 2 2
Last Minutes Offensive
Center Left Wing Right Wing Defense Defense
Derek Roy Benoit Pouliot Corey Perry Brendan Smith Marco Scandella
Last Minutes Defensive
Center Left Wing Right Wing Defense Defense
Derek Roy Erik Haula Corey Perry Marco Scandella Anton Volchenkov
Goaltenders
Starting : Jonathan Bernier
Backup : Kari Lehtonen
Extra Forwards
Normal : Benoit Pouliot, Devin Setoguchi, Derek Roy - PP : Benoit Pouliot, Devin Setoguchi - PK : Derek Roy
Extra Defensemen
Normal : Brendan Smith, Anton Volchenkov, Marco Scandella - PP : Marco Scandella - PK : Anton Volchenkov, Marco Scandella
Penalty Shots
Benoit Pouliot, Devin Setoguchi, Corey Perry, Lee Stempniak, Derek Roy
Scratches
Tyler Myers (Broken Bone (Left Leg) Injury)
Predators
5 vs 5 Forward
Center Left Wing Right Wing Time % Phy DF OF
1 Ryan Kesler Alexander Ovechkin Niclas Bergfors 40 1 2 2
2 Mikael Granlund James Van Riemsdyk Brendan Gallagher 30 1 2 2
3 Andy Miele Alexander Steen Adam Burish 20 2 1 2
4 Andy Miele Justin Abdelkader Byron Bitz 10 1 2 2
5 vs 5 Defense
Defense Defense Time % Phy DF OF
1 Ryan Mcdonagh Alexander Edler 40 1 2 2
2 John Moore Dmitri Kalinin 30 1 2 2
3 Michal Rozsival Barret Jackman 20 1 2 2
4 Ryan Murray Alexander Edler 10 1 2 2
PowerPlay Forward
Center Left Wing Right Wing Time % Phy DF OF
1 Ryan Kesler Alexander Ovechkin Niclas Bergfors 60 1 1 3
2 Ryan Kesler Alexander Steen Brendan Gallagher 40 1 1 3
PowerPlay Defense
Defense Defense Time % Phy DF OF
1 Ryan Mcdonagh Alexander Edler 60 1 1 3
2 John Moore Ryan Murray 40 1 2 2
Penalty Kill 4 Players Forward
Center Wing Time % Phy DF OF
1 Andy Miele Byron Bitz 60 1 2 2
2 Ryan Kesler Adam Burish 40 1 2 2
Penalty Kill 4 Players Defense
Defense Defense Time % Phy DF OF
1 Ryan Mcdonagh Alexander Edler 60 1 2 2
2 John Moore Michal Rozsival 40 1 2 2
Penalty Kill - 3 Players Forward
Forward Time % Phy DF OF
1 Byron Bitz 60 1 2 2
2 Adam Burish 40 1 2 2
Penalty Kill - 3 Players Defense
Defense Defense Time % Phy DF OF
1 Ryan Mcdonagh Alexander Edler 60 1 2 2
2 John Moore Michal Rozsival 40 1 2 2
4 vs 4 Forward
Center Wing Time % Phy DF OF
1 Ryan Kesler Niclas Bergfors 60 1 2 2
2 Mikael Granlund Alexander Ovechkin 40 1 2 2
4 vs 4 Defense
Defense Defense Time % Phy DF OF
1 Ryan Mcdonagh Alexander Edler 60 1 2 2
2 John Moore Michal Rozsival 40 1 2 2
Last Minutes Offensive
Center Left Wing Right Wing Defense Defense
Ryan Kesler Alexander Ovechkin Niclas Bergfors Ryan Mcdonagh Alexander Edler
Last Minutes Defensive
Center Left Wing Right Wing Defense Defense
Ryan Kesler Alexander Ovechkin Byron Bitz Ryan Mcdonagh Alexander Edler
Goaltenders
Starting : Viktor Fasth
Backup : Chad Johnson
Extra Forwards
Normal : Brendan Gallagher, James Van Riemsdyk, Justin Abdelkader - PP : Brendan Gallagher, James Van Riemsdyk - PK : Justin Abdelkader
Extra Defensemen
Normal : Michal Rozsival, Ryan Murray, John Moore - PP : Dmitri Kalinin - PK : John Moore, Dmitri Kalinin
Penalty Shots
Alexander Ovechkin, Niclas Bergfors, Ryan Kesler, Andy Miele, Justin Abdelkader
Scratches
None
% Time on Ice - Jets
Lines # - Real PCT - Wanted PCT - Time Play
Normal Forward
1 - 35% - 40% - 13:35
2 - 31% - 30% - 11:48
3 - 17% - 20% - 6:39
4 - 17% - 10% - 6:38
Normal Defense
1 - 42% - 40% - 16:22
2 - 32% - 30% - 12:31
3 - 25% - 20% - 9:45
4 - 0% - 10% - 0:02
PP Forward
1 - 57% - 60% - 5:51
2 - 43% - 40% - 4:28
PP Defense
1 - 64% - 60% - 6:38
2 - 36% - 40% - 3:41
PK Forward
1 - 68% - 60% - 7:31
2 - 32% - 40% - 3:30
PK Defense
1 - 57% - 60% - 6:16
2 - 43% - 40% - 4:45
PK3 Forward
1 - 0% - 60%
2 - 0% - 40%
PK3 Defense
1 - 0% - 60%
2 - 0% - 40%
44 Forward
1 - 0% - 60%
2 - 0% - 40%
44 Defense
1 - 0% - 60%
2 - 0% - 40%
Last Minute Offensive - 0:00
Last Minute Defensive - 0:00
Total
Forward - 60:00
Defense - 60:00
|
% Time on Ice - Predators
Lines # - Real PCT - Wanted PCT - Time Play
Normal Forward
1 - 38% - 40% - 14:48
2 - 31% - 30% - 12:09
3 - 17% - 20% - 6:41
4 - 13% - 10% - 5:02
Normal Defense
1 - 37% - 40% - 14:13
2 - 33% - 30% - 12:40
3 - 21% - 20% - 7:58
4 - 10% - 10% - 3:49
PP Forward
1 - 64% - 60% - 7:06
2 - 36% - 40% - 3:55
PP Defense
1 - 52% - 60% - 5:45
2 - 48% - 40% - 5:16
PK Forward
1 - 69% - 60% - 6:00
2 - 31% - 40% - 2:44
PK Defense
1 - 58% - 60% - 5:03
2 - 42% - 40% - 3:41
PK3 Forward
1 - 100% - 60% - 1:35
2 - 0% - 40% - 0:00
PK3 Defense
1 - 100% - 60% - 1:35
2 - 0% - 40% - 0:00
44 Forward
1 - 0% - 60%
2 - 0% - 40%
44 Defense
1 - 0% - 60%
2 - 0% - 40%
Last Minute Offensive - 0:00
Last Minute Defensive - 0:00
Total
Forward - 60:00
Defense - 60:00
|
Play by Play
1st period
0:01 of 1st period - Alexander Ovechkin wins face-off versus Derek Stepan in neutral zone.
0:22 of 1st period - Minor Penalty to Alexander Ovechkin for Hooking.
0:23 of 1st period - Andy Miele wins face-off versus Derek Stepan in Predators zone.
0:34 of 1st period - Ryan Mcdonagh is hit by Brendan Smith and loses puck.
0:55 of 1st period - Ryan Mcdonagh is hit by Marcus Johansson and loses puck.
1:09 of 1st period - Off-side.
1:10 of 1st period - Derek Stepan wins face-off versus Ryan Kesler in neutral zone.
1:17 of 1st period - Snap shot by Derek Stepan.
1:17 of 1st period - Stopped by Viktor Fasth without a rebound.
1:18 of 1st period - Andy Miele wins face-off versus Derek Stepan in Predators zone.
1:43 of 1st period - Snap shot by Benoit Pouliot.
1:43 of 1st period - Deflect By Corey Perry.
1:43 of 1st period - Shot Hit the Post.
1:43 of 1st period - Puck is out of play.
1:44 of 1st period - Andy Miele wins face-off versus Derek Roy in Predators zone.
2:19 of 1st period - Corey Perry is hit by Ryan Mcdonagh and loses puck.
2:22 of 1st period - Penalty to Alexander Ovechkin is over, Alexander Ovechkin is back on ice.
2:43 of 1st period - Wrist shot by Adam Burish.
2:43 of 1st period - Shot Misses the Net.
2:45 of 1st period - Slapshot by Ryan Mcdonagh.
2:45 of 1st period - Deflect By Ryan Kesler.
2:45 of 1st period - Stopped by Jonathan Bernier without a rebound.
2:46 of 1st period - Mikael Granlund wins face-off versus Derek Roy in Jets zone.
2:51 of 1st period - Wrist shot by James Van Riemsdyk.
2:51 of 1st period - Shot Misses the Net.
4:39 of 1st period - Icing by Niclas Bergfors.
4:40 of 1st period - Ryan Kesler wins face-off versus Derek Stepan in Predators zone.
4:55 of 1st period - Niclas Bergfors is hit by Benoit Pouliot and loses puck.
5:26 of 1st period - Wrist shot by Corey Perry.
5:26 of 1st period - Shot Blocked by Ryan Mcdonagh.
5:48 of 1st period - Wrist shot by Derek Stepan.
5:48 of 1st period - Stopped by Viktor Fasth without a rebound.
5:49 of 1st period - Marcus Johansson wins face-off versus Andy Miele in Predators zone.
7:14 of 1st period - Snap shot by Kevin Hayes.
7:14 of 1st period - Shot Hit the Post.
7:16 of 1st period - Slapshot by Anton Volchenkov.
7:16 of 1st period - Stopped by Viktor Fasth without a rebound.
7:17 of 1st period - Justin Abdelkader wins face-off versus James Wright in Predators zone.
7:42 of 1st period - Slapshot by Alexander Ovechkin.
7:42 of 1st period - Shot Hit the Post.
7:50 of 1st period - Snap shot by Derek Roy.
7:50 of 1st period - Shot Misses the Net.
7:52 of 1st period - Snap shot by Marco Scandella.
7:52 of 1st period - Stopped by Viktor Fasth with a rebound.
8:31 of 1st period - Snap shot by Joe Colborne.
8:31 of 1st period - Shot Misses the Net.
8:41 of 1st period - Slapshot by Alexander Edler.
8:41 of 1st period - Stopped by Jonathan Bernier with a rebound.
8:54 of 1st period - Marco Scandella is hit by Alexander Ovechkin and loses puck.
9:12 of 1st period - Minor Penalty to Brendan Smith for Hooking.
9:13 of 1st period - Joe Colborne wins face-off versus Ryan Kesler in Jets zone.
9:25 of 1st period - Snap shot by Niclas Bergfors.
9:25 of 1st period - Shot Misses the Net.
9:31 of 1st period - Dmitri Kalinin is hit by Marco Scandella and loses puck.
11:12 of 1st period - Penalty to Brendan Smith is over, Brendan Smith is back on ice.
13:13 of 1st period - John Moore is hit by Fredrik Sjostrom and loses puck.
13:28 of 1st period - Brendan Gallagher is hit by Jacob Trouba and loses puck.
13:58 of 1st period - Adam Burish is hit by Brendan Smith and loses puck.
14:23 of 1st period - Mikael Granlund is hit by Benoit Pouliot and loses puck.
14:38 of 1st period - John Moore is hit by Marcus Johansson and loses puck.
14:49 of 1st period - Minor Penalty to Niclas Bergfors for Roughing.
14:50 of 1st period - Andy Miele wins face-off versus Derek Stepan in Predators zone.
15:21 of 1st period - Derek Roy is hit by Justin Abdelkader.
16:18 of 1st period - Icing by Derek Roy.
16:19 of 1st period - Derek Roy wins face-off versus Ryan Kesler in Jets zone.
16:49 of 1st period - Penalty to Niclas Bergfors is over, Niclas Bergfors is back on ice.
17:02 of 1st period - Snap shot by Erik Haula.
17:02 of 1st period - Stopped by Viktor Fasth with a rebound.
17:12 of 1st period - Minor Penalty to Jacob Trouba for Cross-checking.
17:13 of 1st period - Alexander Ovechkin wins face-off versus Erik Haula in Jets zone.
17:20 of 1st period - Snap shot by Niclas Bergfors.
17:20 of 1st period - Shot Misses the Net.
17:22 of 1st period - Slapshot by Ryan Mcdonagh.
17:22 of 1st period - Stopped by Jonathan Bernier without a rebound.
17:23 of 1st period - Joe Colborne wins face-off versus Ryan Kesler in Jets zone.
17:28 of 1st period - Wrist shot by Erik Haula.
17:28 of 1st period - Shot Misses the Net.
17:38 of 1st period - Backhand shot by Ryan Mcdonagh.
17:38 of 1st period - Shot Blocked by Marco Scandella.
17:40 of 1st period - Slapshot by Ryan Kesler.
17:40 of 1st period - Stopped by Jonathan Bernier without a rebound.
17:41 of 1st period - Ryan Kesler wins face-off versus Joe Colborne in Jets zone.
17:46 of 1st period - Snap shot by Niclas Bergfors.
17:46 of 1st period - Deflect By Ryan Kesler.
17:46 of 1st period - Stopped by Jonathan Bernier with a rebound.
17:48 of 1st period - Snap shot by Niclas Bergfors.
17:48 of 1st period - Shot Blocked by Anton Volchenkov.
18:12 of 1st period - Slapshot by Kevin Hayes.
18:12 of 1st period - Shot Blocked by Brendan Gallagher.
18:14 of 1st period - Slapshot by Kevin Hayes.
18:14 of 1st period - Stopped by Viktor Fasth without a rebound.
18:15 of 1st period - Joe Colborne wins face-off versus Ryan Kesler in Predators zone.
18:39 of 1st period - Erik Haula is hit by James Van Riemsdyk and loses puck.
19:12 of 1st period - Penalty to Jacob Trouba is over, Jacob Trouba is back on ice.
Goals for this period are 0 for Jets vs 0 for Predators.
Shots for this period are 6 for Jets vs 5 for Predators.
2nd period
0:01 of 2nd period - Derek Stepan wins face-off versus Ryan Kesler in neutral zone.
0:06 of 2nd period - Snap shot by Derek Stepan.
0:06 of 2nd period - Deflect By Benoit Pouliot.
0:06 of 2nd period - Stopped by Viktor Fasth without a rebound.
0:07 of 2nd period - Niclas Bergfors wins face-off versus Derek Stepan in Predators zone.
0:18 of 2nd period - Backhand shot by Ryan Kesler.
0:18 of 2nd period - Deflect By Niclas Bergfors.
0:18 of 2nd period - Shot Misses the Net.
0:18 of 2nd period - Puck is out of play.
0:19 of 2nd period - Derek Stepan wins face-off versus Ryan Kesler in Jets zone.
0:31 of 2nd period - Double Minor Penalty to Benoit Pouliot for Slashing.
0:32 of 2nd period - Joe Colborne wins face-off versus Ryan Kesler in Jets zone.
4:31 of 2nd period - Penalty to Benoit Pouliot is over, Benoit Pouliot is back on ice.
4:42 of 2nd period - Snap shot by Justin Abdelkader.
4:42 of 2nd period - Stopped by Jonathan Bernier without a rebound.
4:42 of 2nd period - Minor Penalty to Jonathan Bernier for Unsportsmanlike conduct.
4:43 of 2nd period - Joe Colborne wins face-off versus Ryan Kesler in Jets zone.
5:22 of 2nd period - Snap shot by Kevin Hayes.
5:22 of 2nd period - Shot Misses the Net.
5:52 of 2nd period - Benoit Pouliot is hit by James Van Riemsdyk and loses puck.
6:42 of 2nd period - Penalty to Derek Roy is over, Derek Roy is back on ice.
7:54 of 2nd period - Alexander Edler is hit by Brendan Smith and loses puck.
8:12 of 2nd period - James Van Riemsdyk is hit by Kevin Hayes and loses puck.
8:44 of 2nd period - Dmitri Kalinin is hit by Brendan Smith and loses puck.
9:19 of 2nd period - Icing by James Van Riemsdyk.
9:20 of 2nd period - James Van Riemsdyk wins face-off versus Joe Colborne in Predators zone.
9:22 of 2nd period - Icing by Dmitri Kalinin.
9:23 of 2nd period - Joe Colborne wins face-off versus James Van Riemsdyk in Predators zone.
9:32 of 2nd period - Snap shot by Byron Bitz.
9:32 of 2nd period - Stopped by Jonathan Bernier without a rebound.
9:33 of 2nd period - Ryan Kesler wins face-off versus Derek Stepan in Jets zone.
9:34 of 2nd period - Snap shot by Alexander Ovechkin.
9:34 of 2nd period - Shot Blocked by Derek Stepan.
9:36 of 2nd period - Slapshot by Alexander Edler.
9:36 of 2nd period - Shot Blocked by Brendan Smith.
9:50 of 2nd period - Snap shot by Ryan Kesler.
9:50 of 2nd period - Goal by Ryan Kesler - Jets : 0 - Predators : 1.
9:51 of 2nd period - Derek Stepan wins face-off versus Ryan Kesler in neutral zone.
10:02 of 2nd period - Wrist shot by Benoit Pouliot.
10:02 of 2nd period - Stopped by Viktor Fasth with a rebound.
10:39 of 2nd period - Dmitri Kalinin is hit by Lee Stempniak and loses puck.
10:46 of 2nd period - Snap shot by Andy Miele.
10:46 of 2nd period - Stopped by Jonathan Bernier without a rebound.
10:47 of 2nd period - Ryan Kesler wins face-off versus Derek Stepan in Jets zone.
10:52 of 2nd period - Snap shot by Alexander Ovechkin.
10:52 of 2nd period - Stopped by Jonathan Bernier with a rebound.
11:02 of 2nd period - Snap shot by Derek Stepan.
11:02 of 2nd period - Shot Blocked by Alexander Ovechkin.
11:04 of 2nd period - Slapshot by Anton Volchenkov.
11:04 of 2nd period - Shot Blocked by Ryan Kesler.
11:14 of 2nd period - Derek Roy is hit by James Van Riemsdyk and loses puck.
12:14 of 2nd period - Wrist shot by Kevin Hayes.
12:14 of 2nd period - Stopped by Viktor Fasth without a rebound.
12:15 of 2nd period - James Wright wins face-off versus Mikael Granlund in Predators zone.
12:24 of 2nd period - Wrist shot by Kevin Hayes.
12:24 of 2nd period - Stopped by Viktor Fasth without a rebound.
12:25 of 2nd period - Mikael Granlund wins face-off versus Derek Stepan in Predators zone.
12:54 of 2nd period - Slapshot by Michal Rozsival.
12:54 of 2nd period - Deflect By Eric Gelinas.
12:54 of 2nd period - Stopped by Jonathan Bernier with a rebound.
13:18 of 2nd period - Lee Stempniak is hit by Andy Miele.
13:24 of 2nd period - Wrist shot by Adam Burish.
13:24 of 2nd period - Stopped by Jonathan Bernier with a rebound.
14:00 of 2nd period - Backhand shot by Benoit Pouliot.
14:00 of 2nd period - Shot Blocked by Alexander Edler.
14:02 of 2nd period - Wrist shot by Corey Perry.
14:02 of 2nd period - Shot Blocked by Alexander Edler.
14:22 of 2nd period - Wrist shot by Derek Roy.
14:22 of 2nd period - Shot Misses the Net.
14:32 of 2nd period - Ryan Mcdonagh is hit by Kevin Hayes and loses puck.
14:45 of 2nd period - Snap shot by Fredrik Sjostrom.
14:45 of 2nd period - Deflect By Kevin Hayes.
14:45 of 2nd period - Shot Misses the Net.
14:45 of 2nd period - Puck is out of play.
14:46 of 2nd period - Derek Stepan wins face-off versus Ryan Kesler in Predators zone.
14:51 of 2nd period - Wrist shot by Benoit Pouliot.
14:51 of 2nd period - Shot Misses the Net.
14:58 of 2nd period - Minor Penalty to Derek Stepan for Hooking.
14:59 of 2nd period - Ryan Kesler wins face-off versus Joe Colborne in Jets zone.
15:01 of 2nd period - Wrist shot by Alexander Ovechkin.
15:01 of 2nd period - Stopped by Jonathan Bernier without a rebound.
15:02 of 2nd period - Ryan Kesler wins face-off versus Joe Colborne in Jets zone.
15:57 of 2nd period - Slapshot by John Moore.
15:57 of 2nd period - Stopped by Jonathan Bernier with a rebound.
15:59 of 2nd period - Slapshot by Alexander Ovechkin.
15:59 of 2nd period - Deflect By Derek Roy.
15:59 of 2nd period - Stopped by Jonathan Bernier with a rebound.
16:01 of 2nd period - Snap shot by Niclas Bergfors.
16:01 of 2nd period - Shot Blocked by Derek Roy.
16:03 of 2nd period - Wrist shot by Alexander Ovechkin.
16:03 of 2nd period - Deflect By Ryan Kesler.
16:03 of 2nd period - Goal by Ryan Kesler - Jets : 0 - Predators : 2.
16:04 of 2nd period - Derek Stepan wins face-off versus Mikael Granlund in neutral zone.
16:09 of 2nd period - Snap shot by Derek Stepan.
16:09 of 2nd period - Stopped by Viktor Fasth without a rebound.
16:10 of 2nd period - Derek Stepan wins face-off versus Mikael Granlund in Predators zone.
17:22 of 2nd period - James Wright is hit by James Van Riemsdyk and loses puck.
17:45 of 2nd period - Snap shot by Benoit Pouliot.
17:45 of 2nd period - Stopped by Viktor Fasth with a rebound.
17:47 of 2nd period - Slapshot by Derek Stepan.
17:47 of 2nd period - Stopped by Viktor Fasth without a rebound.
17:48 of 2nd period - Derek Roy wins face-off versus Ryan Kesler in Predators zone.
17:55 of 2nd period - Slapshot by Alexander Edler.
17:55 of 2nd period - Stopped by Jonathan Bernier with a rebound.
18:26 of 2nd period - Snap shot by Derek Stepan.
18:26 of 2nd period - Stopped by Viktor Fasth without a rebound.
18:27 of 2nd period - Joe Colborne wins face-off versus Ryan Kesler in Predators zone.
19:13 of 2nd period - Wrist shot by Alexander Ovechkin.
19:13 of 2nd period - Shot Misses the Net.
19:24 of 2nd period - Wrist shot by Niclas Bergfors.
19:24 of 2nd period - Stopped by Jonathan Bernier without a rebound.
19:25 of 2nd period - Derek Stepan wins face-off versus Mikael Granlund in Jets zone.
19:25 of 2nd period - Derek Stepan is hit by Mikael Granlund.
19:51 of 2nd period - Benoit Pouliot is hit by Ryan Mcdonagh and loses puck.
Goals for this period are 0 for Jets vs 2 for Predators.
Shots for this period are 8 for Jets vs 13 for Predators.
3rd period
0:01 of 3rd period - Ryan Kesler wins face-off versus Derek Stepan in neutral zone.
0:04 of 3rd period - Slapshot by Ryan Mcdonagh.
0:04 of 3rd period - Shot Blocked by Brendan Smith.
0:12 of 3rd period - Snap shot by Ryan Kesler.
0:12 of 3rd period - Stopped by Jonathan Bernier without a rebound.
0:13 of 3rd period - Ryan Kesler wins face-off versus Derek Stepan in Jets zone.
0:16 of 3rd period - Slapshot by Niclas Bergfors.
0:16 of 3rd period - Shot Blocked by Brendan Smith.
0:28 of 3rd period - Slapshot by Ryan Mcdonagh.
0:28 of 3rd period - Stopped by Jonathan Bernier without a rebound.
0:29 of 3rd period - Derek Roy wins face-off versus Mikael Granlund in Jets zone.
0:56 of 3rd period - Niclas Bergfors is hit by Brendan Smith and loses puck.
1:05 of 3rd period - Snap shot by Benoit Pouliot.
1:05 of 3rd period - Stopped by Viktor Fasth without a rebound.
1:06 of 3rd period - Mikael Granlund wins face-off versus Derek Roy in Predators zone.
1:06 of 3rd period - Mikael Granlund is hit by Eric Gelinas.
1:44 of 3rd period - Snap shot by Joe Colborne.
1:44 of 3rd period - Stopped by Viktor Fasth with a rebound.
1:46 of 3rd period - Slapshot by Tomas Kundratek.
1:46 of 3rd period - Deflect By Joe Colborne.
1:46 of 3rd period - Shot Misses the Net.
1:46 of 3rd period - Puck is out of play.
1:47 of 3rd period - Derek Stepan wins face-off versus Ryan Kesler in Predators zone.
1:50 of 3rd period - Slapshot by Corey Perry.
1:50 of 3rd period - Deflect By Ryan Kesler.
1:50 of 3rd period - Stopped by Viktor Fasth with a rebound.
1:52 of 3rd period - Minor Penalty to Alexander Edler for Tripping.
1:53 of 3rd period - Andy Miele wins face-off versus Derek Stepan in Predators zone.
2:16 of 3rd period - Minor Penalty to Byron Bitz for Holding.
2:17 of 3rd period - Derek Stepan wins face-off versus Justin Abdelkader in Predators zone.
2:32 of 3rd period - Wrist shot by Benoit Pouliot.
2:32 of 3rd period - Stopped by Viktor Fasth without a rebound.
2:33 of 3rd period - Derek Stepan wins face-off versus Justin Abdelkader in Predators zone.
2:43 of 3rd period - Wrist shot by Derek Stepan.
2:43 of 3rd period - Stopped by Viktor Fasth with a rebound.
3:41 of 3rd period - Eric Gelinas is hit by Dmitri Kalinin and loses puck.
3:52 of 3rd period - Penalty to Alexander Edler is over, Alexander Edler is back on ice.
4:16 of 3rd period - Penalty to Byron Bitz is over, Byron Bitz is back on ice.
4:26 of 3rd period - Slapshot by Alexander Ovechkin.
4:26 of 3rd period - Shot Misses the Net.
7:24 of 3rd period - Andy Miele is hit by Derek Roy and loses puck.
7:39 of 3rd period - Wrist shot by Brendan Gallagher.
7:39 of 3rd period - Shot Hit the Post.
7:41 of 3rd period - Snap shot by James Van Riemsdyk.
7:41 of 3rd period - Goal by James Van Riemsdyk - Jets : 0 - Predators : 3.
7:42 of 3rd period - Ryan Kesler wins face-off versus Corey Perry in neutral zone.
7:59 of 3rd period - Snap shot by Derek Stepan.
7:59 of 3rd period - Shot Misses the Net.
8:22 of 3rd period - Snap shot by James Van Riemsdyk.
8:22 of 3rd period - Stopped by Jonathan Bernier with a rebound.
8:28 of 3rd period - Dmitri Kalinin is hit by Devin Setoguchi and loses puck.
8:45 of 3rd period - Marcus Johansson is hit by John Moore.
9:11 of 3rd period - Dmitri Kalinin is hit by Devin Setoguchi and loses puck.
9:30 of 3rd period - Wrist shot by Marcus Johansson.
9:30 of 3rd period - Stopped by Viktor Fasth without a rebound.
9:31 of 3rd period - Ryan Kesler wins face-off versus Derek Stepan in Predators zone.
9:36 of 3rd period - Slapshot by Benoit Pouliot.
9:36 of 3rd period - Shot Misses the Net.
9:38 of 3rd period - Slapshot by Eric Gelinas.
9:38 of 3rd period - Stopped by Viktor Fasth with a rebound.
9:40 of 3rd period - Wrist shot by Corey Perry.
9:40 of 3rd period - Shot Misses the Net.
10:17 of 3rd period - Snap shot by James Wright.
10:17 of 3rd period - Stopped by Viktor Fasth without a rebound.
10:18 of 3rd period - James Wright wins face-off versus Ryan Kesler in Predators zone.
10:23 of 3rd period - Snap shot by Fredrik Sjostrom.
10:23 of 3rd period - Stopped by Viktor Fasth with a rebound.
10:25 of 3rd period - Slapshot by Anton Volchenkov.
10:25 of 3rd period - Deflect By Ryan Kesler.
10:25 of 3rd period - Goal by Anton Volchenkov - Jets : 1 - Predators : 3.
10:26 of 3rd period - Corey Perry wins face-off versus Ryan Kesler in neutral zone.
10:53 of 3rd period - Eric Gelinas is hit by James Van Riemsdyk and loses puck.
11:23 of 3rd period - Minor Penalty to Michal Rozsival for Hooking.
11:24 of 3rd period - Andy Miele wins face-off versus Derek Stepan in Predators zone.
12:18 of 3rd period - John Moore is hit by Marco Scandella and loses puck.
13:06 of 3rd period - Ryan Kesler is hit by Marco Scandella and loses puck.
13:23 of 3rd period - Penalty to Michal Rozsival is over, Michal Rozsival is back on ice.
13:37 of 3rd period - Wrist shot by Mikael Granlund.
13:37 of 3rd period - Stopped by Jonathan Bernier without a rebound.
13:38 of 3rd period - Joe Colborne wins face-off versus Mikael Granlund in Jets zone.
14:11 of 3rd period - Slapshot by James Wright.
14:11 of 3rd period - Stopped by Viktor Fasth with a rebound.
14:13 of 3rd period - Snap shot by James Wright.
14:13 of 3rd period - Shot Blocked by Michal Rozsival.
14:22 of 3rd period - Off-side.
14:23 of 3rd period - Derek Stepan wins face-off versus Andy Miele in neutral zone.
14:27 of 3rd period - Off-side.
14:28 of 3rd period - Andy Miele wins face-off versus Derek Stepan in neutral zone.
14:31 of 3rd period - Slapshot by Alexander Edler.
14:31 of 3rd period - Shot Blocked by Marco Scandella.
15:02 of 3rd period - Snap shot by Derek Roy.
15:02 of 3rd period - Stopped by Viktor Fasth with a rebound.
15:04 of 3rd period - Wrist shot by Devin Setoguchi.
15:04 of 3rd period - Stopped by Viktor Fasth with a rebound.
15:06 of 3rd period - Wrist shot by Eric Gelinas.
15:06 of 3rd period - Shot Misses the Net.
15:12 of 3rd period - Minor Penalty to Niclas Bergfors for Roughing.
15:13 of 3rd period - Andy Miele wins face-off versus Derek Stepan in Predators zone.
16:04 of 3rd period - Alexander Edler is hit by Benoit Pouliot and loses puck.
16:35 of 3rd period - Brendan Smith is hit by Alexander Edler.
17:12 of 3rd period - Penalty to Niclas Bergfors is over, Niclas Bergfors is back on ice.
18:47 of 3rd period - Marcus Johansson is hit by Alexander Edler and loses puck.
Goals for this period are 1 for Jets vs 1 for Predators.
Shots for this period are 13 for Jets vs 5 for Predators.
Back to the Top